 Dungeon Crawl Stone Soup version 0.18.1-50-g88ac8fd (webtiles) character file.

92519 magog001 the Peltast (level 15, -3/138 HPs)
             Began as a Minotaur Fighter on Mar 30, 2018.
             Was the Champion of Nemelex Xobeh.
             Blown up by an orb spider (44 damage)
             ... with an orb of destruction
             ... on level 3 of the Spider Nest on Mar 31, 2018.
             The game lasted 01:57:17 (23201 turns).

magog001 the Peltast (Minotaur Fighter)            Turns: 23201, Time: 01:57:18

Health: -3/138     AC: 28    Str: 24    XL:     15   Next: 58%
Magic:  33/33      EV:  8    Int:  2    God:    Nemelex Xobeh [******]
Gold:   1140       SH: 26    Dex: 10    Spells: 0 memorised, 14 levels left

rFire  + + .     SeeInvis +     J - +7 flail of Nejiam Qira {elec, +Blink rPois MP+9}
rCold  + . .     Gourm    .     j - +3 plate armour
rNeg   . . .     Faith    .     I - +3 large shield
rPois  +         Spirit   .     (helmet unavailable)
rElec  .         Dismiss  .     l - +1 cloak
rCorr  .         Reflect  .     P - +2 pair of gloves
SustAt .         Harm     .     O - +1 pair of boots
MR     .....                    (no amulet)
Stlth  ..........               o - ring of Ascent {+Fly rPois rF+ Str-4 Slay+3}
                                U - ring of Tofrawk Derr {rPois MR- MP+9 Slay+3 SInv}

@: not resistant to hostile enchantments, extremely unstealthy
A: retaliatory headbutt, horns 3, see invisible, cold resistance 1, dopey 1,
fire resistance 1, sturdy frame 1
a: Triple Draw, Deal Four, Stack Five, Renounce Religion, Evoke Blink, Evoke
Flight


You were on level 3 of the Spider Nest.
You worshipped Nemelex Xobeh.
Nemelex Xobeh was exalted by your worship.
You were full.

You visited 4 branches of the dungeon, and saw 24 of its levels.
You also visited: Labyrinth and Ice Cave.

You collected 1731 gold pieces.
You spent 591 gold pieces at shops.

Inventory:

Hand Weapons
 J - the +7 flail of Nejiam Qira (weapon) {elec, +Blink rPois MP+9}
   (You found it on level 9 of the Dungeon)

   Occasionally, upon striking a foe, it will discharge some electrical energy
   and cause terrible harm.
   It protects you from poison.
   It affects your magic capacity (+9).
   It lets you blink.
Armour
 j - a +3 plate armour (worn)
 l - a +1 cloak (worn)
 I - a +3 large shield (worn)
 O - a +1 pair of boots (worn)
 P - a +2 pair of gloves (worn)
Jewellery
 o - the ring of Ascent (right hand) {+Fly rPois rF+ Str-4 Slay+3}
   (You found it on level 7 of the Dungeon)

   [ring of protection from fire]

   It affects your strength (-4).
   It affects your accuracy and damage with ranged weapons and melee attacks
   (+3).
   It protects you from fire.
   It protects you from poison.
   It lets you fly.
 U - the ring of Tofrawk Derr (left hand) {rPois MR- MP+9 Slay+3 SInv}
   (You found it in a labyrinth)

   [ring of see invisible]

   It affects your accuracy and damage with ranged weapons and melee attacks
   (+3).
   It protects you from poison.
   It affects your resistance to hostile enchantments.
   It affects your magic capacity (+9).
   It lets you see invisible.
Wands
 a - a wand of teleportation (4/9)
 k - a wand of digging (9/24)
 y - a wand of acid (9/15)
 N - a wand of lightning (10/15)
 S - a wand of acid (7/15)
 T - a wand of digging (12/24)
 W - a wand of flame (11/48)
 Z - a wand of teleportation (4/9)
Scrolls
 e - 12 scrolls of remove curse
 m - 6 scrolls of blinking
 s - 4 scrolls of fear
 C - 2 scrolls of recharging
 H - 2 scrolls of identify
 Q - 2 scrolls of magic mapping
 Y - 7 scrolls of teleportation
Potions
 b - 6 potions of flight
 c - 9 potions of curing
 d - 3 potions of might
 p - a potion of cure mutation
 q - 4 potions of lignification
 r - 2 potions of cancellation
 u - a potion of agility
 v - 5 potions of brilliance
 w - a potion of invisibility
 K - a potion of haste
 M - 3 potions of resistance
Miscellaneous
 g - a plain deck of changes {drawn: 1}
 h - a legendary deck of war {drawn: 2}
 t - a legendary deck of destruction
 x - an ornate deck of war
 z - a legendary deck of escape
 D - a legendary deck of war
 E - a lamp of fire
 F - a legendary deck of destruction
 G - an ornate deck of destruction
 L - a phantom mirror
 R - an ornate deck of destruction
 X - an ornate deck of war {drawn: 9}
Comestibles
 f - a bread ration
 i - 17 meat rations
 A - 27 fruits
 V - 3 beef jerkies


   Skills:
 * Level 14.1 Fighting
   Level 10.0(12.5) Axes
 * Level 12.6(13.8) Maces & Flails
 * Level 14.0 Armour
 - Level 1.6 Dodging
 * Level 20.4 Shields
 + Level 1.8 Evocations


You had 14 spell levels left.
You didn't know any spells.

Dungeon Overview and Level Annotations

Branches:
Dungeon (12/15)            Temple (1/1) D:4            Lair (8/8) D:11
 Shoals (0/4) Lair:6       Spider (3/4) Lair:3        Slime (0/6) Lair:6
    Orc: D:9-12

Altars:
Ashenzari
Cheibriados
Dithmenos
Elyvilon
Fedhas
Gozag
Kikubaaqudgha
Makhleb
Nemelex Xobeh
Okawaru
Pakellas
Qazlal
Ru
Sif Muna
Trog
Vehumet
Xom
Yredelemnul
Zin
The Shining One

Shops:
D:5 [   D:10 [   D:11 (

Annotations:
Lair:6 exclusion: 3 oklob plants


Innate Abilities, Weirdness & Mutations

You reflexively headbutt those who attack you in melee.
You have a pair of large horns on your head.
You have supernaturally acute eyesight.
Your flesh is cold resistant.
You are dopey. (Int -2)
Your flesh is heat resistant.
Your movements are slightly less encumbered by armour (ER -2).


Message History

You sock the jumping spider!
The jumping spider is heavily wounded.
The jumping spider pounces on you but does no damage.
You block the jumping spider's attack.
The orb spider weaves a glowing orb of energy.
An orb of destruction comes into view.
You bludgeon the jumping spider!!
You kill the jumping spider!
The orb spider weaves a glowing orb of energy.
An orb of destruction comes into view.
You are caught in the web!
The orb of destruction hits you!
* * * LOW HITPOINT WARNING * * *
The orb spider spins a strand of pure energy.
There is a web here.
You see here a redback corpse.
The web tears apart.
The orb spider spins a strand of pure energy.
The orb of destruction hits you!
You die...
Your body glows with a rainbow of weird colours and disappears.

.... .## ###...
...^ #.#..##....
#....#.^.# #
....#..# #.
##.....# ...#
#..†..^# #
/...s#.†@#^##..#..
#....§§†§§.^......
###....§§.s.!...#.
###...##.....##
#.(..^.####^.#
^...###.# .. ^....
... § #...... ...
#...##. #..#


You could see an orb spider.

Vanquished Creatures
  Maud (Lair:7)
  A spark wasp (Spider:2)
  A minotaur (Lab)
  Fannar (Lair:2)
  A fire dragon (Lair:7)
  11 hydras
  A queen ant (Lair:8)
  Sonja (Lair:4)
  The ghost of magog001 the Whirler, a novice HaAs of Nemelex Xobeh (D:8)
  Pikel (D:5)
  A hill giant (D:9)
  An ugly thing (D:11)
  7 wolf spiders
  8 orb spiders
  A hornet (Spider:2)
  A manticore (Lair:6)
  2 griffons
  2 ice statues (IceCv)
  28 elephants
  4 gargoyles (Lab)
  Psyche (D:8)
  2 torpor snails (Spider:2)
  4 black mambas
  7 komodo dragons
  21 spiny frogs
  11 demonic crawlers
  2 rime drakes
  8 jumping spiders
  2 two-headed ogres
  A giant leech (Lair:8)
  2 minotaur skeletons (Lab)
  35 blink frogs
  27 redbacks
  21 tarantellas
  3 basilisks
  A wraith (D:10)
  A wyvern (D:9)
  58 yaks
  15 hippogriffs
  8 hungry ghosts
  Grum (D:8)
  A mottled dragon (Lair:7)
  2 vampire mosquitoes (Lair:8)
  Duvessa (D:7)
  6 soldier ants (Lair:8)
  14 water moccasins
  12 porcupines
  A sky beast (D:9)
  A phantom (D:6)
  2 necrophages
  A wasp (D:11)
  15 ice beasts
  2 black bears
  6 wolves
  4 centaurs
  5 ogres
  19 crocodiles
  The ghost of Amnesiac the Cutter, an amateur VSFi (D:3)
  7 big kobolds
  41 giant frogs
  A wyvern zombie (D:10)
  7 scorpions
  6 killer bees (D:9)
  Dowan (D:7)
  5 wights
  4 electric eels
  4 crimson imps
  4 centaur zombies
  3 giant frog zombies
  6 jellies
  A quasit (D:8)
  A centaur skeleton (D:9)
  6 hounds
  4 orc priests
  8 orc wizards
  5 iguanas
  Terence (D:2)
  35 worker ants
  9 sheep
  2 worker ant zombies
  4 gnolls
  61 river rats
  10 adders
  A shadow imp (Spider:1)
  2 oozes
  2 adder zombies
  2 worms
  3 dart slugs
  4 giant geckos
  30 orcs
  3 ball pythons
  3 bats
  3 giant cockroaches
  9 goblins
  9 hobgoblins
  6 jackals
  10 quokkas
  4 giant newts
  A jackal zombie (D:7)
  21 kobolds
  A quokka skeleton (D:8)
  7 rats
  2 bushes (Lair:5)
  2 fungi
  8 plants
768 creatures vanquished.

Vanquished Creatures (collateral kills)
  3 wolf spiders
  A giant leech (Lair:8)
  Edmund (D:5)
  An orc warrior (D:7)
  A slave (D:5)
  An ogre (D:7)
  4 wights (D:7)
  An orc priest (D:7)
  An iguana (D:5)
  5 river rats (Lair:8)
  2 orcs (D:7)
21 creatures vanquished.

Vanquished Creatures (others)
  A komodo dragon (Lair:6)
  A crocodile (Lair:6)
  2 orcs (D:5)
  8 fungi
  23 plants
35 creatures vanquished.

Grand Total: 824 creatures vanquished

Notes
Turn   | Place    | Note
--------------------------------------------------------------
     0 | D:1      | magog001 the Minotaur Fighter began the quest for the Orb.
     0 | D:1      | Reached XP level 1. HP: 19/19 MP: 0/0
   189 | D:1      | Reached skill level 4 in Shields
   256 | D:1      | Reached XP level 2. HP: 26/26 MP: 1/1
   653 | D:2      | Reached XP level 3. HP: 33/33 MP: 2/2
  1032 | D:2      | Noticed Terence
  1036 | D:2      | Killed Terence
  1036 | D:2      | Reached XP level 4. HP: 36/40 MP: 3/3
  1046 | D:3      | Found a basalt altar of Yredelemnul.
  1084 | D:3      | Found a shattered altar of Ashenzari.
  1084 | D:3      | Found a shadowy altar of Dithmenos.
  1313 | D:3      | Reached XP level 5. HP: 26/47 MP: 4/4
  1563 | D:3      | Reached skill level 5 in Shields
  2037 | D:3      | Found a glowing silver altar of Zin.
  2038 | D:3      | Noticed Amnesiac's ghost (amateur VSFi)
  2058 | D:3      | Killed Amnesiac's ghost
  2058 | D:3      | Reached skill level 5 in Armour
  2058 | D:3      | Reached skill level 1 in Dodging
  2288 | D:4      | Reached XP level 6. HP: 55/55 MP: 5/5
  2669 | D:4      | Reached skill level 5 in Fighting
  2717 | D:4      | Found a staircase to the Ecumenical Temple.
  2753 | Temple   | Entered the Ecumenical Temple
  2774 | Temple   | Became a worshipper of Nemelex Xobeh the Trickster
  2967 | D:4      | Received a gift from Nemelex Xobeh
  3566 | D:5      | Entered Level 5 of the Dungeon
  3639 | D:5      | Reached * piety under Nemelex Xobeh
  3683 | D:5      | Received a gift from Nemelex Xobeh
  3714 | D:5      | Found Tiywno Pume's Antique Armour Shop.
  3722 | D:5      | Reached XP level 7. HP: 61/61 MP: 6/6
  3726 | D:5      | Reached skill level 5 in Axes
  3738 | D:5      | Bought a glowing buckler for 108 gold pieces
  3795 | D:5      | Reached skill level 6 in Shields
  4094 | D:5      | Noticed Edmund
  4107 | D:5      | Killed Edmund
  4152 | D:5      | Noticed Pikel
  4177 | D:5      | Killed Pikel
  4177 | D:5      | Reached skill level 7 in Shields
  4177 | D:5      | Reached XP level 8. HP: 48/71 MP: 7/7
  4831 | D:6      | Found a blossoming altar of Fedhas.
  5072 | D:6      | Received a gift from Nemelex Xobeh
  5241 | D:7      | Gained mutation: You have supernaturally acute eyesight. [potion of mutation]
  5241 | D:7      | Gained mutation: You have a pair of large horns on your head. [potion of mutation]
  5241 | D:7      | Gained mutation: Your flesh is cold resistant. [potion of mutation]
  5242 | D:7      | Gained mutation: Your flesh is heat resistant. [potion of mutation]
  5242 | D:7      | Gained mutation: You are dopey. (Int -2) [potion of mutation]
  5243 | D:7      | Gained mutation: Your movements are slightly less encumbered by armour (ER -2). [potion of beneficial mutation]
  5318 | D:7      | Noticed Duvessa
  5318 | D:7      | Noticed Dowan
  5326 | D:7      | Killed Dowan
  5333 | D:7      | Killed Duvessa
  5333 | D:7      | Reached XP level 9. HP: 52/81 MP: 8/8
  5511 | D:7      | Reached skill level 8 in Shields
  5877 | D:7      | Reached ** piety under Nemelex Xobeh
  6166 | D:7      | Got a twitching platinum ring
  6184 | D:7      | Identified the ring of Ascent {+Fly rPois rF+ Str-4 Slay+3} (You found it on level 7 of the Dungeon)
  6320 | D:7      | Reached skill level 9 in Shields
  6904 | D:8      | Noticed Psyche
  6916 | D:8      | Killed Psyche
  7252 | D:8      | Reached XP level 10. HP: 87/90 MP: 9/9
  7287 | D:8      | Noticed magog001's ghost (novice HaAs)
  7299 | D:8      | Killed magog001's ghost
  7299 | D:8      | Reached skill level 10 in Shields
  7299 | D:8      | Reached skill level 1 in Evocations
  7510 | D:8      | Noticed Grum
  7537 | D:8      | Killed Grum
  8110 | D:8      | Found a white marble altar of Elyvilon.
  8288 | D:9      | Reached skill level 11 in Shields
  8306 | D:9      | Received a gift from Nemelex Xobeh
  8370 | D:9      | Found a burning altar of Makhleb.
  8370 | D:9      | Noticed a hill giant
  8382 | D:9      | Killed a hill giant
  8530 | D:9      | Reached skill level 10 in Armour
  8619 | D:9      | Reached skill level 10 in Axes
  8627 | D:9      | Got a scorched flail
  8631 | D:9      | Reached *** piety under Nemelex Xobeh
  8656 | D:9      | Identified the +7 flail of Nejiam Qira {elec, +Blink rPois MP+9} (You found it on level 9 of the Dungeon)
  8792 | D:9      | Reached skill level 1 in Maces & Flails
  8870 | D:9      | Reached XP level 11. HP: 65/99 MP: 10/10
  8874 | D:9      | Reached skill level 10 in Fighting
  8874 | D:9      | Reached skill level 12 in Shields
  9184 | D:10     | Entered Level 10 of the Dungeon
  9467 | D:10     | Found Kyedyopi's Antique Armour Emporium.
  9558 | D:10     | Received a gift from Nemelex Xobeh
  9651 | D:11     | Found a staircase to the Lair.
  9655 | D:11     | Noticed a red ugly thing
  9662 | D:11     | Killed a red ugly thing
  9815 | D:11     | Found a labyrinth entrance.
  9820 | Lab      | Entered a labyrinth
  9986 | Lab      | Reached **** piety under Nemelex Xobeh
 10096 | Lab      | Reached skill level 13 in Shields
 10210 | Lab      | Received a gift from Nemelex Xobeh
 10311 | Lab      | Reached skill level 5 in Maces & Flails
 10532 | Lab      | Noticed a minotaur
 10539 | Lab      | Killed a minotaur
 10548 | Lab      | Identified Irhop's Grimoire of Ensnaring Creation
 10548 | Lab      | Got a scorched iron ring
 10549 | Lab      | Got an encrusted shortbow
 10560 | Lab      | Identified the ring of Tofrawk Derr {rPois MR- MP+9 Slay+3 SInv} (You found it in a labyrinth)
 10652 | D:11     | Received a gift from Nemelex Xobeh
 10812 | D:11     | Found Wan Uvvo's Antique Weapon Emporium.
 10929 | D:11     | Noticed a three-headed hydra
 10937 | D:11     | Killed a three-headed hydra
 11012 | D:11     | Reached XP level 12. HP: 108/108 MP: 12/12
 11385 | Lair:1   | Entered Level 1 of the Lair of Beasts
 11399 | Lair:1   | Reached skill level 14 in Shields
 12135 | Lair:1   | Received a gift from Nemelex Xobeh
 12417 | D:10     | Bought a shiny plate armour for 483 gold pieces
 12476 | Lair:2   | Reached ***** piety under Nemelex Xobeh
 12749 | Lair:2   | Noticed an eight-headed hydra
 12758 | Lair:2   | Killed an eight-headed hydra
 12905 | Lair:2   | Noticed Fannar
 12925 | Lair:2   | Killed Fannar
 12925 | Lair:2   | Reached skill level 15 in Shields
 13465 | Lair:3   | Found a hole to the Spider Nest.
 13485 | Lair:3   | Received a gift from Nemelex Xobeh
 14183 | Lair:4   | Noticed Sonja
 14193 | Lair:4   | Killed Sonja
 14221 | Lair:4   | Received a gift from Nemelex Xobeh
 14367 | Lair:4   | Noticed a five-headed hydra
 14375 | Lair:4   | Killed a five-headed hydra
 14375 | Lair:4   | Reached XP level 13. HP: 109/117 MP: 13/13
 14510 | Lair:4   | Received a gift from Nemelex Xobeh
 14602 | Lair:4   | Reached skill level 16 in Shields
 14789 | Lair:5   | Received a gift from Nemelex Xobeh
 15238 | Lair:5   | Reached ****** piety under Nemelex Xobeh
 15238 | Lair:5   | Received a gift from Nemelex Xobeh
 15619 | Lair:6   | Reached skill level 10 in Maces & Flails
 15633 | Lair:6   | Received a gift from Nemelex Xobeh
 15935 | Lair:6   | Received a gift from Nemelex Xobeh
 15962 | Lair:6   | Found a staircase to the Slime Pits.
 16790 | Lair:6   | Reached skill level 17 in Shields
 16838 | Lair:6   | Found a staircase to the Shoals.
 17072 | Lair:7   | Found a frozen archway.
 17120 | IceCv    | Entered an ice cave
 17404 | Lair:7   | Noticed Maud
 17417 | Lair:7   | Killed Maud
 17417 | Lair:7   | Reached XP level 14. HP: 117/127 MP: 14/14
 17422 | Lair:7   | Received a gift from Nemelex Xobeh
 17655 | Lair:7   | Received a gift from Nemelex Xobeh
 17994 | Lair:7   | Reached skill level 18 in Shields
 18411 | Lair:8   | Entered Level 8 of the Lair of Beasts
 18475 | Lair:8   | Received a gift from Nemelex Xobeh
 19375 | Lair:8   | Reached skill level 19 in Shields
 19453 | Lair:8   | Received a gift from Nemelex Xobeh
 19463 | Lair:8   | Drew Focus: Str increased to 27, Int decreased to 4
 19566 | Lair:8   | Received a gift from Nemelex Xobeh
 19678 | Lair:8   | Identified a scroll of acquirement
 20134 | Lair:7   | Reached XP level 15. HP: 136/136 MP: 15/15
 20361 | Spider:1 | Entered Level 1 of the Spider Nest
 20904 | Spider:1 | Received a gift from Nemelex Xobeh
 22053 | Spider:2 | Reached skill level 20 in Shields
 23201 | Spider:3 | Blown up by an orb spider

Skill      XL: |  1  2  3  4  5  6  7  8  9 10 11 12 13 14 15 |
---------------+----------------------------------------------+-----
Shields        | 4 5 7 9 11 13 15 17 19 20 | 20.4
Armour         | 4 5 6 7 9 10 11 12 13 14 | 14.0
Fighting       | 4 5 6 8 9 10 11 12 13 14 | 14.1
Axes           | 3 4 6 7 8 10 | 10.0
Dodging        | 1 |  1.6
Evocations     | 1 |  1.8
Maces & Flails | 1 6 8 10 12 | 12.6

Action                   |  1- 3 |  4- 6 |  7- 9 | 10-12 | 13-15 || total
-------------------------+-------+-------+-------+-------+-------++-------
Melee: War axe           |    71 |   177 |   250 |   163 |       ||   661
       Headbutt          |    13 |    20 |    52 |   107 |   252 ||   444
       Flail             |       |       |       |   502 |  1142 ||  1644
Throw: Tomahawk          |       |       |       |     1 |       ||     1
 Abil: Evoke Blink       |       |       |       |     2 |       ||     2
       Evoke Flight      |       |       |       |       |     3 ||     3
Evoke: Deck              |       |       |     6 |       |    12 ||    18
       Wand              |       |       |       |     6 |    14 ||    20
  Use: Scroll            |       |       |    24 |    15 |     7 ||    46
       Potion            |       |       |     3 |     1 |    13 ||    17
  Eat: Chunk             |       |     7 |     4 |     7 |       ||    18
       Beef jerky        |       |     1 |       |     2 |     1 ||     4
       Fruit             |       |       |     1 |       |       ||     1
       Bread ration      |       |       |     1 |     3 |     6 ||    10
       Meat ration       |       |       |     1 |       |       ||     1
       Pizza             |       |       |       |     6 |     2 ||     8
Armor: Scale mail        |     8 |       |       |       |       ||     8
       Chain mail        |    21 |   101 |   135 |   131 |       ||   388
       Plate armour      |       |       |       |    92 |   847 ||   939
       Skin              |       |       |       |       |   188 ||   188
Dodge: Dodged            |    11 |    36 |    75 |   109 |   389 ||   620
Block: Shield            |    34 |    95 |       |       |       ||   129
       Buckler           |       |       |    21 |       |       ||    21
       Large shield      |       |       |   183 |   708 |  2085 ||  2976
